Workbook

Sheet BRAINOV
B3: BRAIN ASSETALLOCATIONOV | K3: BRAIN QUESTIONARIO
B5: CATEGORIA DE ACTICOS | D5: Fixed Income | E5: Real Assets | F5: Absolute Return | G5: Equity | H5: Private Equity | K5: 1 | L5: Indicate the general level of investment risk you are willing to accept.
B6: CATEGORIA DE ACCOES | D6: Blue Ships | E6: Large Caps | F6: Medium Caps | G6: Small Caps | H6: Emergentes | K6: =IF('Calculator } ASSET ALLOCATOR'!L8:L8=BRAINOV!L6,0.11,IF('Calculator } ASSET ALLOCATOR'!L8:L8=BRAINOV!L7,0.33,IF('Calculator } ASSET ALLOCATOR'!L8:L8=BRAINOV!L8,0.67,IF('Calculator } ASSET ALLOCATOR'!L8:L8=+BRAINOV!L9,1,"E")))) -> 0.33 | L6: Low risk
B7: PERFIL DO INVESTIDOR | L7: Low to medium risk
B8: CONSERVATIVE | C8: =IF(B8='Calculator } ASSET ALLOCATOR'!$F$9,"X"," ") | D8: 10 | E8: 20 | I8: =SUM(D8:H8) -> 30 | L8: Medium to high risk | T8: ASSOCIACAO DE INVESTIDORES
B9: CAUTIOUS | C9: =IF(B9='Calculator } ASSET ALLOCATOR'!$F$9,"X"," ") | D9: 7.5 | E9: 17.5 | F9: 2.5 | G9: 2.5 | I9: =SUM(D9:H9) -> 30 | L9: High risk
B10: BALANCED | C10: =IF(B10='Calculator } ASSET ALLOCATOR'!$F$9,"X"," ") -> X | D10: 0.7 | E10: 8.6 | F10: 7.5 | G10: 8.1 | H10: 5.1 | I10: =SUM(D10:H10) -> 30 | T10: ATM
B11: ASSERTIVE | C11: =IF(B11='Calculator } ASSET ALLOCATOR'!$F$9,"X"," ") | D11: 0.45 | E11: 4 | F11: 9.55 | G11: 10 | H11: 6 | I11: =SUM(D11:H11) -> 30 | K11: 2 | L11: How familiar are you with investment markets?
B12: AGGRESSIVE | C12: =IF(B12='Calculator } ASSET ALLOCATOR'!$F$9,"X"," ") | F12: 5 | G12: 12.5 | H12: 12.5 | I12: =SUM(D12:H12) -> 30 | K12: =IF('Calculator } ASSET ALLOCATOR'!L11=BRAINOV!L12,0.11,IF('Calculator } ASSET ALLOCATOR'!L11=BRAINOV!L13,0.33,IF('Calculator } ASSET ALLOCATOR'!L11=BRAINOV!L14,0.67,IF('Calculator } ASSET ALLOCATOR'!L11=+BRAINOV!L15,1,"E")))) -> 0.67 | L12: Very little understanding or interest.
L13: Not very familiar.
B14: RENDIMENTO A DESMOBILZIAR | L14: I understand that markets fluctuate and that different market sectors offer different income, growth and taxation characteristics.
B15: BAIXO (< 3%) | C15: =IF('Calculator } ASSET ALLOCATOR'!E6<=3%,"X","") -> X | E15: 6.75 | F15: 6.5 | G15: 7.25 | H15: 4.5 | I15: =SUM(D15:H15) -> 25 | L15: I am experienced with all investment sectors and understand the various factors which influence performance.
B16: MEDIO (3% - 5%) | C16: =IF(C15="", IF(C17="","X",""),"") | D16: 1 | E16: 6.75 | F16: 6.25 | G16: 6.75 | H16: 4.25 | I16: =SUM(D16:H16) -> 25
B17: ALTO(> 5%) | C17: =IF('Calculator } ASSET ALLOCATOR'!E6>=5%,"X","") | D17: 2.5 | E17: 12.5 | G17: 5 | H17: 5 | I17: =SUM(D17:H17) -> 25 | K17: 3 | L17: Which of the following best describes your investment objectives & temperament?
K18: =IF('Calculator } ASSET ALLOCATOR'!L14=BRAINOV!L18,0.11,IF('Calculator } ASSET ALLOCATOR'!L14=BRAINOV!L19,0.33,IF('Calculator } ASSET ALLOCATOR'!L14=BRAINOV!L20,0.67,IF('Calculator } ASSET ALLOCATOR'!L14=+BRAINOV!L21,1,"E")))) -> 0.33 | L18: Preservation of capital without losing any capital. | T18: ASSET ALLOCATOR
B19: ACTIVOS PARA INVESTIMENTO | L19: A combination of preservation of capital, and capital appreciation, with the primary consideration being preservation of capital.
B20: MENOS €50,000 | C20: =IF('Calculator } ASSET ALLOCATOR'!F6<50000,"X","") | D20: 0.8 | E20: 4.8 | F20: 3.4 | G20: 6 | I20: =SUM(D20:H20) -> 15 | L20: A combination of capital appreciation and current income, with the primary consideration being growth of capital.
B21: €50,001 a €150,000 | C21: =IF('Calculator } ASSET ALLOCATOR'!F6>50000, IF('Calculator } ASSET ALLOCATOR'!F6<=150000,"X",""),"") | D21: 0.4 | E21: 4.25 | F21: 3.75 | G21: 6.6 | I21: =SUM(D21:H21) -> 15 | L21: Maximum capital appreciation (long-term growth), accepting higher risk and volatility. | X21: ALOCAÇÃO IDEAL DE ACTIVOS DE ACORDO COM O SEU PERFIL DE INVESTIDOR
B22: €150,001 a €500,000 | C22: =IF('Calculator } ASSET ALLOCATOR'!F6>150000, IF('Calculator } ASSET ALLOCATOR'!F6<=500000,"X",""),"") -> X | D22: 0.4 | E22: 4.25 | F22: 3.75 | G22: 4.05 | H22: 2.55 | I22: =SUM(D22:H22) -> 15
B23: ACIMA €500,000 | C23: =IF('Calculator } ASSET ALLOCATOR'!F6>500000,"X","") | E23: 4.2 | F23: 3.9 | G23: 4.2 | H23: 2.7 | I23: =SUM(D23:H23) -> 15 | K23: 4 | L23: What level of fluctuation would you generally be comfortable with?
K24: =IF('Calculator } ASSET ALLOCATOR'!L17=BRAINOV!L24,0.11,IF('Calculator } ASSET ALLOCATOR'!L17=BRAINOV!L25,0.33,IF('Calculator } ASSET ALLOCATOR'!L17=BRAINOV!L26,0.67,IF('Calculator } ASSET ALLOCATOR'!L17=BRAINOV!L27,1,"E")))) -> 1 | L24: Fluctuates between -5% and +5%
B25: RENDIMENTO ANUAL BRUTO | L25: Fluctuates between -15% and +15%
B26: ABAIXO €35,000 | C26: =IF('Calculator } ASSET ALLOCATOR'!G6<35000,IF('Calculator } ASSET ALLOCATOR'!G6=0,"","X"),"") | D26: 1.6 | E26: 3 | F26: 2 | G26: 2.4 | H26: 1 | I26: =SUM(D26:H26) -> 10 | L26: Fluctuates between -20% and +20%
B27: €35,000 a €75,000 | C27: =IF('Calculator } ASSET ALLOCATOR'!G6>35000, IF('Calculator } ASSET ALLOCATOR'!G6<=75000,"X",""),"") | D27: 0.8 | E27: 2.8 | F27: 2.5 | G27: 2.7 | H27: 1.2 | I27: =SUM(D27:H27) -> 10 | L27: Fluctuates between <-20% and >+20%
B28: €75,000 a €125,000 | C28: =IF('Calculator } ASSET ALLOCATOR'!G6>75000, IF('Calculator } ASSET ALLOCATOR'!G6<=125000,"X",""),"") -> X | D28: 0.4 | E28: 2.7 | F28: 2.5 | G28: 2.7 | H28: 1.7 | I28: =SUM(D28:H28) -> 10
B29: ACIMA €125,000 | C29: =IF('Calculator } ASSET ALLOCATOR'!G6>125000,"X","") | F29: 3.3 | G29: 3.4 | H29: 3.3 | I29: =SUM(D29:H29) -> 10 | K29: 5 | L29: What time horizon would you be comfortable with when investing in products the value of which can fluctuate?
B30: REFORMADO | C30: =IF('Calculator } ASSET ALLOCATOR'!G6=0,"X","") | D30: 3.2 | E30: 5 | F30: 1.8 | I30: =SUM(D30:H30) -> 10 | K30: =IF('Calculator } ASSET ALLOCATOR'!L20=BRAINOV!L30,0.11,IF('Calculator } ASSET ALLOCATOR'!L20=BRAINOV!L31,0.33,IF('Calculator } ASSET ALLOCATOR'!L20=BRAINOV!L32,0.67,IF('Calculator } ASSET ALLOCATOR'!L20=BRAINOV!L33,1,"E")))) -> 0.33 | L30: Less than 1 year
L31: Between 1 and 3 years
B32: IDADE | L32: Between 4 and 5 years
B33: 0 a 34 | C33: =IF('Calculator } ASSET ALLOCATOR'!H6<35,"X","") | F33: 10 | G33: 5 | H33: 5 | I33: =SUM(D33:H33) -> 20 | L33: Over 5 years | T33: Optimized for 1280x1024 resolution and works best with Microsoft Excel 2008 and up.
B34: 35 a 55 | C34: =IF('Calculator } ASSET ALLOCATOR'!H6>=35, IF('Calculator } ASSET ALLOCATOR'!H6<=55,"X",""),"") -> X | D34: 1.5 | E34: 4.7 | F34: 5 | G34: 5.4 | H34: 3.4 | I34: =SUM(D34:H34) -> 20 | V34: Desgined and developed by Octávio Viana © 2007-2008 ATM | associação de investidores All Rights Reserved
B35: 55 a 65 (considerado no activo) | C35: =IF('Calculator } ASSET ALLOCATOR'!H6>55, IF('Calculator } ASSET ALLOCATOR'!H6<=65,"X",""),"") | D35: =0.225*20/15 -> 0.3 | E35: =5.925*20/15 -> 7.9 | F35: =4.8*20/15 -> 6.4 | G35: =4.05*20/15 -> 5.4 | I35: =SUM(D35:H35) -> 20 | K35: 6 | L35: I plan to begin withdrawing money from my investments within:
B36: ACIMA 65 | C36: =IF('Calculator } ASSET ALLOCATOR'!H6>65,"X","") | D36: =15*20/15 -> 20 | I36: =SUM(D36:H36) -> 20 | K36: =IF('Calculator } ASSET ALLOCATOR'!L23=BRAINOV!L36,0.11,IF('Calculator } ASSET ALLOCATOR'!L23=BRAINOV!L37,0.33,IF('Calculator } ASSET ALLOCATOR'!L23=BRAINOV!L38,0.67,IF('Calculator } ASSET ALLOCATOR'!L23=+BRAINOV!L39,1,"E")))) -> 0.67 | L36: Less than 3 years
B37: BRAIN | D37: =IF($C$33="X",$D$33/100,IF($C$34="X",$D$34/100,IF($C$35="X",$D$35/100,IF($C$36="X",$D$36/100,0)))) -> 0.015 | E37: =IF($C$33="X",$E$33/100,IF($C$34="X",$E$34/100,IF($C$35="X",$E$35/100,IF($C$36="X",$E$36/100,0)))) -> 0.047 | F37: =IF($C$33="X",$F$33/100,IF($C$34="X",$F$34/100,IF($C$35="X",$F$35/100,IF($C$36="X",$F$36/100,0)))) -> 0.05 | G37: =IF($C$33="X",$G$33/100,IF($C$34="X",$G$34/100,IF($C$35="X",$G$35/100,IF($C$36="X",$G$36/100,0)))) -> 0.054 | H37: =IF($C$33="X",$H$33/100,IF($C$34="X",$H$34/100,IF($C$35="X",$H$35/100,IF($C$36="X",$H$36/100,0)))) -> 0.034 | L37: Between 3 and 5 years
D38: =(IF($C$26="X",$D$26/100,IF($C$27="X",$D$27/100,IF($C$28="X",$D$28/100,IF($C$29="X",$D$29/100,IF($C$30="X",$D$30/100,0)))))) -> 0.004 | E38: =(IF($C$26="X",$E$26/100,IF($C$27="X",$E$27/100,IF($C$28="X",$E$28/100,IF($C$29="X",$E$29/100,IF($C$30="X",$E$30/100,0)))))) -> 0.027 | F38: =(IF($C$26="X",$F$26/100,IF($C$27="X",$F$27/100,IF($C$28="X",$F$28/100,IF($C$29="X",$F$29/100,IF($C$30="X",$F$30/100,0)))))) -> 0.025 | G38: =(IF($C$26="X",$G$26/100,IF($C$27="X",$G$27/100,IF($C$28="X",$G$28/100,IF($C$29="X",$G$29/100,IF($C$30="X",$G$30/100,0)))))) -> 0.027 | H38: =(IF($C$26="X",$H$26/100,IF($C$27="X",$H$27/100,IF($C$28="X",$H$28/100,IF($C$29="X",$H$29/100,IF($C$30="X",$H$30/100,0)))))) -> 0.017 | L38: Between 6 and 10 years
D39: =IF($C$20="X",$D$20/100,IF($C$21="X",$D$21/100,IF($C$22="X",$D$22/100,IF($C$23="X",$D$23/100,)))) -> 0.004 | E39: =IF($C$20="X",$E$20/100,IF($C$21="X",$E$21/100,IF($C$22="X",$E$22/100,IF($C$23="X",$E$23/100,)))) -> 0.0425 | F39: =IF($C$20="X",$F$20/100,IF($C$21="X",$F$21/100,IF($C$22="X",$F$22/100,IF($C$23="X",$F$23/100,)))) -> 0.0375 | G39: =IF($C$20="X",$G$20/100,IF($C$21="X",$G$21/100,IF($C$22="X",$G$22/100,IF($C$23="X",$G$23/100,)))) -> 0.0405 | H39: =IF($C$20="X",$H$20/100,IF($C$21="X",$H$21/100,IF($C$22="X",$H$22/100,IF($C$23="X",$H$23/100,)))) -> 0.0255 | L39: Over 10 years
D40: =(IF($C$15="X",$D$15/100,IF($C$16="X",$D$16/100,IF($C$17="X",$D$17/100,0)))) -> 0 | E40: =(IF($C$15="X",$E$15/100,IF($C$16="X",$E$16/100,IF($C$17="X",$E$17/100,0)))) -> 0.0675 | F40: =(IF($C$15="X",$F$15/100,IF($C$16="X",$F$16/100,IF($C$17="X",$F$17/100,0)))) -> 0.065 | G40: =(IF($C$15="X",$G$15/100,IF($C$16="X",$G$16/100,IF($C$17="X",$G$17/100,0)))) -> 0.0725 | H40: =(IF($C$15="X",$H$15/100,IF($C$16="X",$H$16/100,IF($C$17="X",$H$17/100,0)))) -> 0.045
D41: =IF($C$8="X",$D$8/100,IF($C$9="X",$D$9/100,IF($C$10="X",$D$10/100,IF($C$11="X",$D$11/100,IF($C$12="X",$D$12/100,))))) -> 0.007 | E41: =IF($C$8="X",$E$8/100,IF($C$9="X",$E$9/100,IF($C$10="X",$E$10/100,IF($C$11="X",$E$11/100,IF($C$12="X",$E$12/100,))))) -> 0.086 | F41: =IF($C$8="X",$F$8/100,IF($C$9="X",$F$9/100,IF($C$10="X",$F$10/100,IF($C$11="X",$F$11/100,IF($C$12="X",$F$12/100,))))) -> 0.075 | G41: =IF($C$8="X",$G$8/100,IF($C$9="X",$G$9/100,IF($C$10="X",$G$10/100,IF($C$11="X",$G$11/100,IF($C$12="X",$G$12/100,))))) -> 0.081 | H41: =IF($C$8="X",$H$8/100,IF($C$9="X",$H$9/100,IF($C$10="X",$H$10/100,IF($C$11="X",$H$11/100,IF($C$12="X",$H$12/100,))))) -> 0.051 | K41: 7 | L41: What would your reaction be if your long-term investment has decreased in value by 20%?
K42: =IF('Calculator } ASSET ALLOCATOR'!L26=BRAINOV!L42,0.11,IF('Calculator } ASSET ALLOCATOR'!L26=BRAINOV!L43,0.33,IF('Calculator } ASSET ALLOCATOR'!L26=BRAINOV!L44,0.67,IF('Calculator } ASSET ALLOCATOR'!L26=+BRAINOV!L45,1,"E")))) -> 0.67 | L42: Horror. Security of your capital is critical and you did not intend to take risks.
D43: =+D5 -> Fixed Income | E43: =+E5 -> Real Assets | F43: =+F5 -> Absolute Return | G43: =+G5 -> Equity | H43: =+H5 -> Private Equity | L43: You would cut your losses and transfer your funds into more secure investment sectors.
B44: ALOCACAO DE CAPITAL | D44: =SUM(D37:D41) -> 0.03 | E44: =SUM(E37:E41) -> 0.27 | F44: =SUM(F37:F41) -> 0.2525 | G44: =SUM(G37:G41) -> 0.275 | H44: =SUM(H37:H41) -> 0.1725 | I44: =SUM(D44:H44) -> 1 | L44: You would be concerned, but would wait to see if the investments improve.
B45: RETURN | D45: =+D44*3% -> 0.0009 | E45: =+E44*3% -> 0.0081 | F45: =+F44*3% -> 0.007575 | G45: =-G44*50% -> -0.1375 | H45: =-H44*50% -> -0.08625 | I45: =SUM(D45:H45) -> -0.207175 | J45: =+D45+E45+F45-G44-H44 -> -0.430925 | L45: This was a calculated risk and you would leave the investments in place, expecting performance to improve.
D46: Blue Ships | E46: Large Caps | F46: Medium Caps | G46: Small Caps | H46: Foreign
B47: ALOCACAO DE ACCOES | D47: =D44*((D44+E44+F44+G44)-((D44+E44+F44+G44)-(100%-H47)))/(D44+E44+F44+G44) -> 0.016096677 | E47: =E44*((D44+E44+F44+G44)-((D44+E44+F44+G44)-(100%-H47)))/(D44+E44+F44+G44) -> 0.14487009 | F47: =F44*((D44+E44+F44+G44)-((D44+E44+F44+G44)-(100%-H47)))/(D44+E44+F44+G44) -> 0.13548036 | G47: =G44*((D44+E44+F44+G44)-((D44+E44+F44+G44)-(100%-H47)))/(D44+E44+F44+G44) -> 0.14755287 | H47: =IF(K12<0.33,0.00001%,IF(K12<0.67,27.83%,55.6%)) -> 0.556 | I47: =SUM(D47:H47) -> 1 | K47: 8 | L47: Do you expect any significant changes in your cash flow, health, and unforeseen expenditures?
K48: =IF('Calculator } ASSET ALLOCATOR'!L29=BRAINOV!L48,0.11,IF('Calculator } ASSET ALLOCATOR'!L29=BRAINOV!L49,0.33,IF('Calculator } ASSET ALLOCATOR'!L29=BRAINOV!L50,0.67,IF('Calculator } ASSET ALLOCATOR'!L29=+BRAINOV!L51,1,"E")))) -> 0.67 | L48: There may be significant changes for the worse on the horizon.
B49: ATM GUIDELINE | D49: 0.04 | E49: 0.27 | F49: 0.25 | G49: 0.27 | H49: 0.17 | I49: =SUM(D49:H49) -> 1 | L49: Everything seems stable and okay for now, but I’m worried.
L50: Everything seems stable and okay for the foreseeable future, and may improve.
B51: CHART | D51: =+D43 -> Fixed Income | E51: =+'Calculator } ASSET ALLOCATOR'!F23 -> 0.029997 | L51: Everything seems like it will improve substantially over the foreseeable future.
D52: =+E43 -> Real Assets | E52: =+'Calculator } ASSET ALLOCATOR'!G23 -> 0.269973
D53: =+F43 -> Absolute Return | E53: =+'Calculator } ASSET ALLOCATOR'!F24 -> 0.25247475 | K53: 9 | L53: How many months of your share of household expenses have you put aside to meet unforeseen events?
D54: =+H43 -> Private Equity | E54: =+'Calculator } ASSET ALLOCATOR'!F25 -> 0.17248275 | K54: =IF('Calculator } ASSET ALLOCATOR'!L32=BRAINOV!L54,0.11,IF('Calculator } ASSET ALLOCATOR'!L32=BRAINOV!L55,0.33,IF('Calculator } ASSET ALLOCATOR'!L32=BRAINOV!L56,0.67,IF('Calculator } ASSET ALLOCATOR'!L32=+BRAINOV!L57,1,"E")))) -> 0.67 | L54: Have no amount set aside for unforeseen events
D55: Cash | E55: =+'Calculator } ASSET ALLOCATOR'!G25 -> 0.0001 | L55: Less than 3 months
D56: =+G43 -> Equity | E56: =+'Calculator } ASSET ALLOCATOR'!G24 -> 0.2749725 | L56: Between 3 months and 9 months
D57: =+D46 -> Blue Ships | E57: =+D47*E56 -> 0.0044261434 | L57: Over 9 months
D58: =+E46 -> Large Caps | E58: =+E47*E56 -> 0.039835291 | K58: PERFIL DE RISCO
D59: =+F46 -> Medium Caps | E59: =+F47*E56 -> 0.037253374 | K59: =+K54+K48+K42+K36+K30+K24+K18+K12+K6 -> 5.34 | L59: =IF(K59<2.6,"CONSERVATIVE",IF(K59<4.2,"CAUTIOUS",IF(K59<5.8,"BALANCED",IF(K59<7.4,"ASSERTIVE","AGGRESSIVE")))) -> BALANCED
D60: =+G46 -> Small Caps | E60: =+G47*E56 -> 0.040572982
D61: =+H46 -> Foreign | E61: =+H47*E56 -> 0.15288471
B63: RISCOS DE LONGO PRAZO | D63: DADOS DO INVESTIDOR
B64: Escolhido pelo Investidor | D64: Idade | E64: =+'Calculator } ASSET ALLOCATOR'!H6 -> 35
B65: =IF(K24=0.11,-5%,IF(K24=0.33,-15%,IF(K24=0.67,-20%,-50%))) -> -0.5 | D65: Activos para investimento | E65: =+'Calculator } ASSET ALLOCATOR'!F6 -> 160000
B66: Do portofolio | D66: Rendimento anual bruto | E66: =+'Calculator } ASSET ALLOCATOR'!G6 -> 80000
B67: EQUITY PERDE 50% | D67: Rendimento a desmobilizar | E67: =+'Calculator } ASSET ALLOCATOR'!E6 -> 0
B68: =+I44+I45 -> 0.792825 | D68: Prazo de investimento | E68: =IF(K30=0.11," less then 12 mouths",IF(K30=0.33,"between 1 and 3 years",IF(K30=0.67,"between 6 and 10 years","over 10 years"))) -> between 1 and 3 years
B69: EQUITY PERDE 100% | D69: Tolerancia de risco | E69: =+K59 -> 5.34
B70: =+I44+J45 -> 0.569075
B72: RISCOS DE CURTO PRAZO
B73: Escolhido pelo Investidor
B74: =IF(K24=0.11,-5%,IF(K24=0.33,-15%,IF(K24=0.67,-20%,-50%))) -> -0.5
B75: Do portofolio
B76: =+B67 -> EQUITY PERDE 50%
B77: =+I44+G45+H45 -> 0.77625
B78: =+B69 -> EQUITY PERDE 100%
B79: =++I44-G44-H44 -> 0.5525

Sheet Calculator } ASSET ALLOCATOR
B2: ATM – ASSOCIAÇÃO DE INVESTIDORES | X2: BRAIN QUESTIONARIO
B3: ASSET ALLOCATOR
X4: 1 | Y4: =+BRAINOV!L5 -> Indicate the general level of investment risk you are willing to accept.
E5: Pi | F5: Ca | G5: Ai | H5: Ag | L5: Risk Profile Questionnaire | S5: Your Name | X5: a | Y5: =+BRAINOV!L6 -> Low risk
E6: 0 | F6: 160000 | G6: 80000 | H6: 35 | X6: b | Y6: =+BRAINOV!L7 -> Low to medium risk
L7: =+Y4 -> Indicate the general level of investment risk you are willing to accept. | X7: c | Y7: =+BRAINOV!L8 -> Medium to high risk
E8: RISK PROFILE | L8: Low to medium risk | X8: d | Y8: =+BRAINOV!L9 -> High risk
E9: =+X59 -> 5.34 | F9: =+Y59 -> BALANCED
L10: =+Y10 -> How familiar are you with investment markets? | X10: 2 | Y10: =+BRAINOV!L11 -> How familiar are you with investment markets?
L11: I understand that markets fluctuate and that different market sectors offer different income, growth and taxation characteristics. | X11: a | Y11: =+BRAINOV!L12 -> Very little understanding or interest.
X12: b | Y12: =+BRAINOV!L13 -> Not very familiar.
E13: =+BRAINOV!D51 -> Fixed Income | F13: =+BRAINOV!E51 -> 0.029997 | L13: =+Y16 -> Which of the following best describes your investment objectives & temperament? | X13: c | Y13: =+BRAINOV!L14 -> I understand that markets fluctuate and that different market sectors offer different income, growth and taxation characteristics.
E14: =+BRAINOV!D52 -> Real Assets | F14: =+BRAINOV!E52 -> 0.269973 | L14: A combination of preservation of capital, and capital appreciation, with the primary consideration being preservation of capital. | X14: d | Y14: =+BRAINOV!L15 -> I am experienced with all investment sectors and understand the various factors which influence performance.
E15: =+BRAINOV!D53 -> Absolute Return | F15: =+BRAINOV!E53 -> 0.25247475
E16: =+BRAINOV!D54 -> Private Equity | F16: =+BRAINOV!E54 -> 0.17248275 | L16: =+Y22 -> What level of fluctuation would you generally be comfortable with? | X16: 3 | Y16: =+BRAINOV!L17 -> Which of the following best describes your investment objectives & temperament?
E17: =+BRAINOV!D55 -> Cash | F17: =+BRAINOV!E55 -> 0.0001 | L17: Fluctuates between <-20% and >+20% | X17: a | Y17: =+BRAINOV!L18 -> Preservation of capital without losing any capital.
E18: =+BRAINOV!D56 -> Equity | F18: =+BRAINOV!E56 -> 0.2749725 | X18: b | Y18: =+BRAINOV!L19 -> A combination of preservation of capital, and capital appreciation, with the primary consideration being preservation of capital.
L19: =+Y28 -> What time horizon would you be comfortable with when investing in products the value of which can fluctuate? | X19: c | Y19: =+BRAINOV!L20 -> A combination of capital appreciation and current income, with the primary consideration being growth of capital.
L20: Between 1 and 3 years | X20: d | Y20: =+BRAINOV!L21 -> Maximum capital appreciation (long-term growth), accepting higher risk and volatility.
L22: =+Y34 -> I plan to begin withdrawing money from my investments within: | X22: 4 | Y22: =+BRAINOV!L23 -> What level of fluctuation would you generally be comfortable with?
C23: Fixed Income | F23: =+BRAINOV!D44*(100%-G25) -> 0.029997 | G23: =+BRAINOV!E44*(100%-G25) -> 0.269973 | H23: Real Assets | L23: Between 6 and 10 years | X23: a | Y23: =+BRAINOV!L24 -> Fluctuates between -5% and +5%
C24: Absolute Return | F24: =+BRAINOV!F44*(100%-G25) -> 0.25247475 | G24: =+BRAINOV!G44*(100%-G25) -> 0.2749725 | H24: Domestic and Foreign Equity | X24: b | Y24: =+BRAINOV!L25 -> Fluctuates between -15% and +15%
C25: Private Equity | F25: =+BRAINOV!H44*(100%-G25) -> 0.17248275 | G25: 0.0001 | H25: Cash | L25: =+Y40 -> What would your reaction be if your long-term investment has decreased in value by 20%? | X25: c | Y25: =+BRAINOV!L26 -> Fluctuates between -20% and +20%
L26: You would be concerned, but would wait to see if the investments improve. | X26: d | Y26: =+BRAINOV!L27 -> Fluctuates between <-20% and >+20%
E28: Pi | F28: Portfolio Income Need | L28: =+Y46 -> Do you expect any significant changes in your cash flow, health, and unforeseen expenditures? | X28: 5 | Y28: =+BRAINOV!L29 -> What time horizon would you be comfortable with when investing in products the value of which can fluctuate?
E29: Ca | F29: Current Assets | L29: Everything seems stable and okay for the foreseeable future, and may improve. | X29: a | Y29: =+BRAINOV!L30 -> Less than 1 year
E30: Ai | F30: Annual Income | X30: b | Y30: =+BRAINOV!L31 -> Between 1 and 3 years
E31: Ag | F31: Age | L31: =+Y52 -> How many months of your share of household expenses have you put aside to meet unforeseen events? | X31: c | Y31: =+BRAINOV!L32 -> Between 4 and 5 years
L32: Between 3 months and 9 months | X32: d | Y32: =+BRAINOV!L33 -> Over 5 years
B34: Optimized for 1280x1024 resolution and works best with Microsoft Excel 2008 and up. | X34: 6 | Y34: =+BRAINOV!L35 -> I plan to begin withdrawing money from my investments within:
B35: Desgined and developed by Octávio Viana © 2007-2008 ATM associação de investidores | All Rights Reserved. | X35: a | Y35: =+BRAINOV!L36 -> Less than 3 years
X36: b | Y36: =+BRAINOV!L37 -> Between 3 and 5 years
X37: c | Y37: =+BRAINOV!L38 -> Between 6 and 10 years
X38: d | Y38: =+BRAINOV!L39 -> Over 10 years
X40: 7 | Y40: =+BRAINOV!L41 -> What would your reaction be if your long-term investment has decreased in value by 20%?
X41: a | Y41: =+BRAINOV!L42 -> Horror. Security of your capital is critical and you did not intend to take risks.
X42: b | Y42: =+BRAINOV!L43 -> You would cut your losses and transfer your funds into more secure investment sectors.
X43: c | Y43: =+BRAINOV!L44 -> You would be concerned, but would wait to see if the investments improve.
X44: d | Y44: =+BRAINOV!L45 -> This was a calculated risk and you would leave the investments in place, expecting performance to improve.
X46: 8 | Y46: =+BRAINOV!L47 -> Do you expect any significant changes in your cash flow, health, and unforeseen expenditures?
X47: a | Y47: =+BRAINOV!L48 -> There may be significant changes for the worse on the horizon.
X48: b | Y48: =+BRAINOV!L49 -> Everything seems stable and okay for now, but I’m worried.
X49: c | Y49: =+BRAINOV!L50 -> Everything seems stable and okay for the foreseeable future, and may improve.
X50: d | Y50: =+BRAINOV!L51 -> Everything seems like it will improve substantially over the foreseeable future.
X52: 9 | Y52: =+BRAINOV!L53 -> How many months of your share of household expenses have you put aside to meet unforeseen events?
X53: a | Y53: =+BRAINOV!L54 -> Have no amount set aside for unforeseen events
X54: b | Y54: =+BRAINOV!L55 -> Less than 3 months
X55: c | Y55: =+BRAINOV!L56 -> Between 3 months and 9 months
X56: d | Y56: =+BRAINOV!L57 -> Over 9 months
X58: PERFIL DE RISCO
X59: =+BRAINOV!K59 -> 5.34 | Y59: =+BRAINOV!L59 -> BALANCED

Sheet FULL REPORT
B1: ATM – Associação de Investidores e Analistas Técnicos do Mercado de Capitais
B15: ASSET ALLOCATOR | G15: =TODAY() -> 40675 | H15: =TODAY() -> 40675
H17: =TODAY() -> 40675
B26: CAUTIONARY STATEMENT | C26: All statements included or incorporated by reference in this report, other than statements or characterizations of historical fact, are forward-looking statements based on estimates, assumptions and projections, all of which are subject to change. These forward-looking statements are based on currently available financial, competitive and economic data and based on assumptions regarding future events. These forward-looking statements are not guarantees of future results and are subject to risks, uncertainties and assumptions that are difficult to predict and that could cause our actual results to differ materially and adversely from those expressed in any forward-looking statement. The risks and uncertainties referred to above include, but are not limited to, risks associated with our asset allocator model; our ability to develop a good asset allocation and other factors such as the availability to predict the market direction and the resulting effects of technology errors; possible fluctuations; interruptions or delays our operations; breaches of our security measures, if any; and various other factors We undertake no obligation to revise or update publicly any forward-looking statement for any reason.
A50: ATM – ASSOCIAÇAO DE INVESTIDORES E ANALISTA TECNICOS DO MERCADO DE CAPITAIS R. CAP. HENRIQUE GALVÄO Nº 130, 7º DTº FT, 4050-300 PORTO EMAIL: INFO@ASSOCIACAODEINVESTIDORES.COM TELEMÓVEL: +91 797 00 43 FAX: +1 425 577 6300 | N50: 1
D55: ASSET ALLOCATION REPORT FOR | K55: =LEFT(UPPER('Calculator } ASSET ALLOCATOR'!S5),11) -> YOUR NAME
D57: =TODAY() -> 40675
A59: This report reflects assumptions contained in the Notes.
A60: Refer to Important disclosures at the end of this report.
A61: 1. Suggested allocation
A66: ASSET CLASS | H66: EQUITY
A67: =+BRAINOV!D51 -> Fixed Income | E67: =+BRAINOV!E51 -> 0.029997 | H67: =+BRAINOV!D57 -> Blue Ships | J67: =+BRAINOV!E57 -> 0.0044261434
A68: =+BRAINOV!D52 -> Real Assets | E68: =+BRAINOV!E52 -> 0.269973 | H68: =+BRAINOV!D58 -> Large Caps | J68: =+BRAINOV!E58 -> 0.039835291
A69: =+BRAINOV!D53 -> Absolute Return | E69: =+BRAINOV!E53 -> 0.25247475 | H69: =+BRAINOV!D59 -> Medium Caps | J69: =+BRAINOV!E59 -> 0.037253374
A70: =+BRAINOV!D54 -> Private Equity | E70: =+BRAINOV!E54 -> 0.17248275 | H70: =+BRAINOV!D60 -> Small Caps | J70: =+BRAINOV!E60 -> 0.040572982
A71: =+BRAINOV!D55 -> Cash | E71: =+BRAINOV!E55 -> 0.0001 | H71: =+BRAINOV!D61 -> Foreign | J71: =+BRAINOV!E61 -> 0.15288471
A72: =+BRAINOV!D56 -> Equity | E72: =+BRAINOV!E56 -> 0.2749725
E76: =+BRAINOV!D51 -> Fixed Income | I76: =+BRAINOV!E51 -> 0.029997
E77: =+BRAINOV!D52 -> Real Assets | I77: =+BRAINOV!E52 -> 0.269973
E78: =+BRAINOV!D53 -> Absolute Return | I78: =+BRAINOV!E53 -> 0.25247475
E79: =+BRAINOV!D54 -> Private Equity | I79: =+BRAINOV!E54 -> 0.17248275
E80: =+BRAINOV!D55 -> Cash | I80: =+BRAINOV!E55 -> 0.0001
E81: =+BRAINOV!D57 -> Blue Ships | I81: =+BRAINOV!E57 -> 0.0044261434
E82: =+BRAINOV!D58 -> Large Caps | I82: =+BRAINOV!E58 -> 0.039835291
E83: =+BRAINOV!D59 -> Medium Caps | I83: =+BRAINOV!E59 -> 0.037253374
E84: =+BRAINOV!D60 -> Small Caps | I84: =+BRAINOV!E60 -> 0.040572982
E85: =+BRAINOV!D61 -> Foreign | I85: =+BRAINOV!E61 -> 0.15288471
A99: ATM – ASSOCIAÇAO DE INVESTIDORES E ANALISTA TECNICOS DO MERCADO DE CAPITAIS R. CAP. HENRIQUE GALVÄO Nº 130, 7º DTº FT, 4050-300 PORTO EMAIL: INFO@ASSOCIACAODEINVESTIDORES.COM TELEMÓVEL: +91 797 00 43 FAX: +1 425 577 6300 | N99: 2
D104: ASSET ALLOCATION REPORT FOR | K104: =+K55 -> YOUR NAME
D106: =TODAY() -> 40675
A108: =+A59 -> This report reflects assumptions contained in the Notes.
A109: Refer to Important disclosures at the end of this report.
A110: 2. Stress test
B113: LONG-TERM RISKS
D115: Scenario: | H115: =+D115 -> Scenario:
D116: Equity falling | H116: =+D116 -> Equity falling
D117: -0.5 | H117: -1
C119: LONG-TERM RISKS
C120: Investor's risk tolerance
C121: =+E174 -> -0.430925
C122: Do portofolio
C123: ACTIVOS DE RISCO PERDEM 50% | J123: EQUITY | N123: LOSS
C124: =+BRAINOV!B68-J124 -> 0.569075 | J124: =ABS(+BRAINOV!G45+BRAINOV!H45) -> 0.22375 | N124: =100%-C124-J124 -> 0.207175 | O124: =100%-C126 -> 0.430925
C125: ACTIVOS DE RISCO PERDEM 100% | J125: =+J123 -> EQUITY
C126: =+BRAINOV!B70 -> 0.569075 | J126: 0
B128: other classes of assets valued at a risk-free rate of 3%
B129: SHORT-TERM RISKS
D131: =+D115 -> Scenario: | H131: =+D115 -> Scenario:
D132: =+D116 -> Equity falling | H132: =+D132 -> Equity falling
D133: -0.5 | H133: -1
C135: SHORT-TERM RISKS
C136: =+C120 -> Investor's risk tolerance
C137: =+E173 -> -0.4475
C138: Do portofolio
C139: =+C123 -> ACTIVOS DE RISCO PERDEM 50% | J139: =+J123 -> EQUITY | N139: =+N123 -> LOSS
C140: =+BRAINOV!B77-J140 -> 0.5525 | J140: =+J124 -> 0.22375 | N140: =100%-C124-J124 -> 0.207175 | O140: =100%-C126 -> 0.430925
C141: =+C125 -> ACTIVOS DE RISCO PERDEM 100% | J141: =+J139 -> EQUITY
C142: =+BRAINOV!B79 -> 0.5525 | J142: 0
A149: ATM – ASSOCIAÇAO DE INVESTIDORES E ANALISTA TECNICOS DO MERCADO DE CAPITAIS R. CAP. HENRIQUE GALVÄO Nº 130, 7º DTº FT, 4050-300 PORTO EMAIL: INFO@ASSOCIACAODEINVESTIDORES.COM TELEMÓVEL: +91 797 00 43 FAX: +1 425 577 6300 | N149: 3
D154: ASSET ALLOCATION REPORT FOR | K154: =+K104 -> YOUR NAME
D156: =TODAY() -> 40675
A158: =+A108 -> This report reflects assumptions contained in the Notes.
A159: Refer to Important disclosures at the end of this report.
A160: 3. Risk profile
A164: INVESTOR INPUT SELECTIONS | H164: RISK PROFILE
A165: =+'Calculator } ASSET ALLOCATOR'!F31 -> Age | E165: =+BRAINOV!E64 -> 35
A166: =+'Calculator } ASSET ALLOCATOR'!F29 -> Current Assets | E166: =+BRAINOV!E65 -> 160000 | H166: =+BRAINOV!K59 -> 5.34 | I166: =+BRAINOV!L59 -> BALANCED
A167: =+'Calculator } ASSET ALLOCATOR'!F30 -> Annual Income | E167: =+BRAINOV!E66 -> 80000
A168: =+'Calculator } ASSET ALLOCATOR'!F28 -> Portfolio Income Need | E168: =+BRAINOV!E67 -> 0
A169: Investment Time Horizon | E169: =+BRAINOV!E68 -> between 1 and 3 years | H169: Your Risk Profile in this survey suggest the following risk: | K169: 100 | N169: Highest
A170: Investor's Risk Tolerance | E170: =+BRAINOV!E69 -> 5.34 | K170: 90
K171: 80 | N171: High
A172: INVESTOR'S RISK TOLERANCE | K172: 70
A173: Maximum Short-Term Risk | E173: =+BRAINOV!B79-100% -> -0.4475 | K173: 60
A174: Maximum Long-Term Risk | E174: =+BRAINOV!B70-100% -> -0.430925 | K174: 50 | N174: Medium
A175: Equity loss 100% and other classes of assets valued at a risk-free rate of 3% | K175: 40
A176: Short-term risks are associated with wide market fluctuations, when the portfolio is insufficiently diversified. | K176: 30
K177: 20 | N177: Low
K178: 10
K179: 0 | N179: Slightest
A181: 4. Notes
A184: AGE
A185: The investor's age is the most important aspect of asset allocation (average weight is 30%). The younger the investor is, the less likely it is for him to need the money any time soon. This allows him to invest more aggressively in stocks that generally provide the best long-term returns. As the investor gets older, it is advisable to move more of his investments to securities with less volatility, such as cash and bonds. This can help insure the money is available when he needs it.
A189: CURRENT ASSETS
A190: This is the net worth (value) of the portfolio. It's exposure to higher risk assets increases as the portfolio value increases. This happens because larger portfolios allow a larger choice of higher risk assets, thus investors with larger portfolios can invest more agressively.
A193: ANNUAL INCOME
A194: The larger an investor's annual income, the lower the probability he'll need money from his investment porfolio, and the greater the possibility of saving to increase its size. The more the investor can save, the more agressive the investment strategy can be.
A198: ATM – ASSOCIAÇAO DE INVESTIDORES E ANALISTA TECNICOS DO MERCADO DE CAPITAIS R. CAP. HENRIQUE GALVÄO Nº 130, 7º DTº FT, 4050-300 PORTO EMAIL: INFO@ASSOCIACAODEINVESTIDORES.COM TELEMÓVEL: +91 797 00 43 FAX: +1 425 577 6300 | N198: 4
D203: ASSET ALLOCATION REPORT FOR | K203: =+K154 -> YOUR NAME
D205: =TODAY() -> 40675
A207: =+A158 -> This report reflects assumptions contained in the Notes.
A208: Refer to Important disclosures at the end of this report.
A210: PORTFOLIO INCOME NEED
A211: This is the percentage of income needed from the investor’s investment portfolio. Most people do not require any income from their investments until they retire.
A214: RISK PROFILE
A215: The investor's risk profile reflects the investor's ability to tolerate risk and portfolio volatility. The risk profile is the investor's perception of the acceptable trade-off between risk and reward. If the investor wants higher returns, he/she needs to accept a higher degree of risk.
A219: 4.1. About risk profile
A222: CONSERVATIVE
A223: Investor who want current income and relative stability and is not concerned about the negative effects of tax and inflation. Risk must be very low and the is prepared to accept lower returns to protect capital.
A226: CAUTIOUS
...
